 Dungeon Crawl Stone Soup version 0.26-a0-54-g15ccc7ae60 (webtiles) character file.

Game seed: 2124540349310936743

168 Ozzies the Covered (level 5, -1/47 HPs)
             Began as a Minotaur Fighter on June 7, 2020.
             Killed by nerve-wracking pain
             ... invoked by Grinder
              (12 damage)
             ... on level 3 of the Dungeon.
             The game lasted 00:04:59 (1369 turns).

Ozzies the Covered (Minotaur Fighter)               Turns: 1369, Time: 00:04:59

Health: -1/47      AC:  7    Str: 21    XL:     5   Next: 23%
Magic:  4/4        EV:  7    Int:  5    God:
Gold:   94         SH:  9    Dex: 10    Spells: 4/4 levels left

rFire    . . .     SeeInvis .   a - +0 war axe
rCold    . . .     Gourm    .   c - +0 kite shield
rNeg     . . .     Faith    .   b - +0 scale mail
rPois    .         Spirit   .   (helmet restricted)
rElec    .         Reflect  .   (no cloak)
rCorr    .         Harm     .   (no gloves)
MR       .....                  (no boots)
Stlth    ..........             (no amulet)
HPRegen  0.15/turn              (no ring)
MPRegen  0.09/turn              (no ring)

@: no status effects
A: retaliatory headbutt, horns 2
a: no special abilities


You were on level 3 of the Dungeon.
You were not hungry.

You visited 1 branch of the dungeon, and saw 3 of its levels.

You collected 94 gold pieces.

Inventory:

Hand Weapons
 a - a +0 war axe (weapon)
Armour
 b - a +0 scale mail (worn)
 c - a +0 kite shield (worn)
Jewellery
 o - an uncursed ring of ice
Scrolls
 h - a scroll of teleportation {unknown}
 m - 4 scrolls of identify {unknown}
 n - a scroll of remove curse {unknown}
 q - a scroll of amnesia {unknown}
 r - a scroll of immolation {unknown}
Potions
 d - a potion of might
 e - a potion of cancellation {unknown}
 g - 2 potions of flight {unknown}
 i - a potion of mutation {unknown}
 j - a potion of curing {unknown}
 k - 2 potions of heal wounds
 l - a potion of magic {unknown}
Comestibles
 f - 6 rations
 p - a chunk of flesh


   Skills:
 + Level 4.8 Fighting
 + Level 3.6 Axes
 + Level 4.9 Armour
 + Level 4.8 Shields


You had 4 spell levels left.
You didn't know any spells.
Your spell library was empty.

Dungeon Overview and Level Annotations

Branches:
Dungeon (3/15)

Altars:
Sif Muna

Annotations:
D:3 Grinder


Innate Abilities, Weirdness & Mutations

You reflexively headbutt those who attack you in melee.
You have a pair of horns on your head.


Message History

Grinder is too close now for your liking.
You start resting.
You hear a zap.
Some rock shatters into small pieces.
You are too injured to fight recklessly!
You are too injured to fight recklessly!
You closely miss Grinder.
Grinder is lightly wounded.
Grinder hits you.
You writhe in agony.
* * * LOW HITPOINT WARNING * * *
You hit Grinder. Your headbutt misses Grinder.
Grinder is moderately wounded.
Grinder gestures at you.
You barely resist. You hit Grinder. You headbutt Grinder, but do no damage.
Grinder is heavily wounded.
You block Grinder's attack. Grinder gestures at you.
Pain shoots through your body!
You die...

........###...##.#..#####.###.#.#
..#...#.#......#.#..#####.###.#..
......#.......................#.#
.......)....)#.#.#..####..###.#.#
.#...).[..............#..###....
......)))...........##+#...)[....
......#..###.#..#...#......###..#
###..##..# #.##5#...#......# #..#
.... #..# #.##.@...#......# #..#
.... #..# #.##.....#......###..#
... .... ..##.....#......##...#
... #.... ..##.....##+######...#
#.... ..####...............# ...#
#.>##............
#..##..######....
.................
........<........


You could see Grinder.

Vanquished Creatures
  2 orc wizards (D:3)
  3 oozes
  3 worms (D:2)
  A dart slug (D:2)
  2 leopard geckos
  14 orcs (D:3)
  3 ball pythons
  2 giant cockroaches (D:2)
  8 goblins
  3 hobgoblins
  4 jackals (D:2)
  5 kobolds
  3 quokkas
  7 bats
  6 frilled lizards
  6 rats
72 creatures vanquished.

Notes
Turn   | Place    | Note
-------+----------+-------------------------------------------
     0 | D:1      | Ozzies the Minotaur Fighter began the quest for the Orb.
     0 | D:1      | Reached XP level 1. HP: 19/19 MP: 0/0
   132 | D:1      | Reached XP level 2. HP: 27/27 MP: 1/1
   520 | D:2      | Found a shimmering blue altar of Sif Muna.
   528 | D:2      | Reached XP level 3. HP: 33/33 MP: 2/2
  1132 | D:2      | Reached XP level 4. HP: 38/41 MP: 3/3
  1331 | D:3      | Noticed Grinder
  1337 | D:3      | Reached XP level 5. HP: 45/47 MP: 4/4
  1369 | D:3      | Killed from afar by Grinder

Illustrated notes

Levels and vault maps discovered:
D:1:      saegor_arrival_miasma, layout_rooms, chequers_serial_rivers_small_b
D:2:      cheibrodos_old_hovel, layout_rooms, old_standard_altar
D:3:      layout_basic, uniq_grinder

Skill      XL: |  1  2  3 |
---------------+----------+-----
Shields        | 4 |  4.8
Armour         | 4 |  4.9
Fighting       | 4 |  4.8
Axes           | 3 |  3.6

Action                   |  1- 3 |  4- 6 || total
-------------------------+-------+-------++-------
Melee: War axe           |   117 |    48 ||   165
       Headbutt          |    12 |    13 ||    25
  Eat: Chunk             |     1 |     1 ||     2
Armor: Scale mail        |    59 |    25 ||    84
Dodge: Dodged            |    42 |    22 ||    64
Block: Kite shield       |    70 |    31 ||   101

Table legend:
 A = Non-vault XP
 B = Vault XP
 C = Vault XP percentage of total XP
 D = Non-vault monster count
 E = Vault monster count
 F = Vault count percentage of total count
                 A         B        C        D         E       F
            +---------+---------+-------+---------+---------+-------
      Total |     239 |       1 |   0.4 |      71 |       1 |   1.4
            +---------+---------+-------+---------+---------+-------
        D:1 |      28 |       0 |   0.0 |      17 |       0 |   0.0
        D:2 |      69 |       1 |   1.4 |      33 |       1 |   2.9
        D:3 |     142 |       0 |   0.0 |      21 |       0 |   0.0
            +---------+---------+-------+---------+---------+-------
